 Dungeon Crawl Stone Soup version bcrawl-1.37.2 (webtiles) character file.

Game seed: 3103915938482050115

13549019 zoran the Slayer (level 27, 254/254 HPs)
             Began as a Human Wanderer on Dec 23, 2022.
             Was a High Priest of Okawaru.
             Escaped with the Orb
             ... and 3 runes!
             The game lasted 06:05:11 (72566 turns).

zoran the Slayer (Human Wanderer)                  Turns: 72566, Time: 06:05:12

Health: 254/254    AC: 21    Str: 16    XL:     27
Magic:  44/44      EV: 18    Int: 27    God:    Okawaru [*****.]
Gold:   5138       SH:  8    Dex: 12    Spells: 0/50 levels left

rFire    + . .     GDR:     32% a - +9 fustibalus (velocity)
rCold    + + .     SeeInvis +   i - +0 buckler of Enkuhuomil {rElec Regen+ Str-4 Dex+4}
rNeg     + + +     Gourm    .   s - +6 acid dragon scales
rPois    +         Faith    .   R - -2 hat of the Alchemist {rElec rPois rF+ rC+ rN+ MR+ rMut rCorr}
rElec    +         Spirit   .   N - +2 cloak {pickup}
rCorr    +         Reflect  .   b - +2 pair of gloves {archery}
rMut     +                      D - +0 pair of boots of Ciur {rN+ MR++ MP+9 Dex-4}
MR       +++++                  K - amulet of Huilidwa {Acrobat rC+ Stlth+}
Stlth    +.........             u - ring "Weacsotu" {rN+ Str+4 Int+7}
HPRegen  0.92/turn              E - ring of Askon {rPois Dex-3 Slay+5 SInv}
MPRegen  0.29/turn

@: no status effects
A: low mp 1, robust 1
0: Orb of Zot
}: 3/15 runes: decaying, serpentine, slimy
a: Heroism, Finesse, Renounce Religion


You escaped.
You worshipped Okawaru.
Okawaru was extremely pleased with you.
You were not hungry.

You visited 12 branches of the dungeon, and saw 48 of its levels.
You visited the Abyss 2 times.
You visited 1 bazaar.
You also visited: Ossuary, Bailey and Gauntlet.

You collected 8883 gold pieces.
You spent 3745 gold pieces at shops.

Inventory:

Hand Weapons
 a - a +9 fustibalus of velocity (weapon)
 k - the +6 fustibalus "Qanuc" {velocity, +Fly rN+ Dex-4 SInv}
   (Okawaru gifted it to you on level 2 of the Vaults)

   Any stone fired from it inflicts extra damage.
   It affects your dexterity (-4).
   It protects you from negative energy.
   It lets you see invisible.
   It lets you fly.
Missiles
 g - 3485 sling bullets (quivered)
 v - 10 throwing nets {=f}
Armour
 b - a +2 pair of gloves of archery (worn)
 i - the +0 buckler of Enkuhuomil (worn) {rElec Regen+ Str-4 Dex+4}
   (Okawaru gifted it to you on level 2 of the Snake Pit)

   It affects your strength (-4).
   It affects your dexterity (+4).
   It insulates you from electricity.
   It increases your rate of regeneration.
 s - +6 acid dragon scales (worn)
 D - the +0 pair of boots of Ciur (worn) {rN+ MR++ MP+9 Dex-4}
   (Okawaru gifted it to you on level 2 of the Realm of Zot)

   It affects your dexterity (-4).
   It protects you from negative energy.
   It affects your resistance to hostile enchantments.
   It affects your magic capacity (+9).
 L - the +1 pair of gloves "Sitayneo" {MR+ Int+3 SInv}
   (Okawaru gifted it to you on level 5 of the Realm of Zot)

   It affects your intelligence (+3).
   It affects your resistance to hostile enchantments.
   It lets you see invisible.
 N - a +2 cloak (worn) {pickup}
 R - the -2 hat of the Alchemist (worn) {rElec rPois rF+ rC+ rN+ MR+ rMut rCorr}
   (Okawaru gifted it to you on level 1 of the Realm of Zot)

   It protects you from fire.
   It protects you from cold.
   It insulates you from electricity.
   It protects you from poison.
   It protects you from negative energy.
   It affects your resistance to hostile enchantments.
   It provides partial protection from all sources of acid and corrosion.
   It protects you from mutation.
Jewellery
 q - an uncursed ring of protection from magic
 u - the ring "Weacsotu" (left hand) {rN+ Str+4 Int+7}
   (You found it on level 2 of the Crypt)

   [ring of positive energy]

   It affects your strength (+4).
   It affects your intelligence (+7).
   It protects you from negative energy.
 E - the ring of Askon (right hand) {rPois Dex-3 Slay+5 SInv}
   (You found it on level 5 of the Pits of Slime)

   [ring of slaying]

   It affects your dexterity (-3).
   It affects your accuracy and damage with ranged weapons and melee attacks
   (+5).
   It protects you from poison.
   It lets you see invisible.
 K - the amulet of Huilidwa (around neck) {Acrobat rC+ Stlth+}
   (You found it on level 2 of the Snake Pit)

   [amulet of the acrobat]

   It helps you evade while moving and waiting.
   It protects you from cold.
   It makes you more stealthy.
 Z - an uncursed ring of wizardry
Wands
 d - a wand of polymorph (45)
 j - a wand of scattershot (5)
 m - a wand of digging (33)
 w - a wand of acid (28)
 J - a wand of charming (4)
 P - a wand of iceblast (13)
 S - a wand of disintegration (61)
Scrolls
 h - 7 scrolls of teleportation
 l - 7 scrolls of blinking
 n - 2 scrolls of vulnerability
 p - 18 scrolls of remove curse
 r - 3 scrolls of fear
 y - a scroll of summoning
 W - 4 scrolls of silence
Potions
 c - a potion of resistance
 f - 3 potions of heal wounds
 x - a potion of ambrosia
 z - 2 potions of invisibility
 A - 2 potions of cancellation
 B - 24 potions of curing
 C - 6 potions of agility
 F - 3 potions of haste
 G - 6 potions of magic
 H - 8 potions of mutation
 I - 12 potions of lignification
 M - 7 potions of might
 X - 2 potions of brilliance
 Y - 4 potions of flight
Miscellaneous
 o - a phial of floods
 t - a fan of gales (2/2)
 O - a sack of spiders (inert)
 T - 4 boxes of beasts
 U - a lamp of fire
 V - a lightning rod (4/4)
Comestibles
 e - 29 rations {!d}


   Skills:
 - Level 22.0 Fighting
   Level 12.0 Maces & Flails
 - Level 19.7(20.0) Slings
 - Level 5.6(14.3) Throwing
 - Level 10.0 Armour
 - Level 15.0 Dodging
 - Level 5.0 Stealth
 - Level 12.0 Shields
 - Level 12.0 Spellcasting
 - Level 12.0 Hexes
 - Level 12.0 Charms
 + Level 16.2 Summonings
 + Level 14.4 Translocations
 - Level 15.0 Transmutations
 - Level 7.0 Fire Magic
 - Level 13.0 Air Magic
 - Level 13.0 Poison Magic
 - Level 10.0 Invocations
 - Level 15.0 Evocations


You couldn't memorise any spells.
You knew the following spells:

 Your Spells              Type           Power        Failure   Level  Hunger
a - Shackle               Hex            ######..     1%          2    None
b - Yara's Violent Unrav  Hex/Tmut       ######....   1%          4    None
c - Silence               Hex/Air        ######....   1%          5    ##.....
d - Deflect Missiles      Chrm/Air       ######....   6%          6    ####...
e - Corona                Hex            ######.      1%          1    None
f - Inner Flame           Hex/Fire       N/A          1%          3    None
g - Infestation           Hex/Tmut/Pois  ######...    4%          6    ####...
l - Blink                 Tloc           N/A          1%          2    None
r - Regeneration          Chrm/Necr      #####.....   1%          3    None
s - Darkness              Hex            ######....   8%          6    ####...
u - Song of Slaying       Chrm           ######..     1%          2    None
y - Malign Gateway        Summ/Tloc      #######...   11%         7    ######.
z - Portal Projectile     Tloc           ######       1%          3    None

Your spell library contained the following spells:

 Spells                   Type           Power        Failure   Level  Hunger
 Summon Butterflies       Summ           #######.     0%          1    None
 Summon Small Mammal      Summ           ####         0%          1    None
 Call Imp                 Summ           ######       0%          2    None
 Apportation              Tloc           ######       1%          1    None
 Blink Other              Tloc           ######       1%          1    None
 Flame Tongue             Conj/Fire      #####        1%          1    None
 Infusion                 Chrm           ######..     1%          1    None
 Slow                     Hex            ######..     1%          1    None
 Static Discharge         Air            ######       1%          1    None
 Ensorcelled Hibernation  Hex/Ice        #####.       1%          2    None
 Flaming Arrows           Chrm/Fire      ######..     1%          2    None
 Shock                    Conj/Air       ######.      1%          2    None
 Swiftness                Chrm/Air       ######..     1%          2    None
 Call Canine Familiar     Summ           #######.     1%          3    None
 False Image              Hex/Summ       #######.     1%          3    None
 Ignite Poison            Fire/Tmut/Pois ######..     1%          3    None
 Mephitic Cloud           Conj/Pois/Air  ######..     1%          3    None
 Ozocubu's Armour         Chrm/Ice       #####...     1%          3    None
 Recall                   Summ/Tloc      N/A          1%          3    None
 Spectral Weapon          Hex/Chrm       ######..     1%          3    None
 Spider Form              Tmut/Pois      ###          1%          3    None
 Teleport Other           Tloc           #######.     1%          3    None
 Airstrike                Air            ######....   1%          4    None
 Cause Fear               Hex            ######....   1%          4    None
 Tree Form                Hex/Tmut       N/A          1%          4    None
 Piercing Shot            Chrm           ######....   1%          5    ##.....
 Summon Forest            Summ/Tloc      #######...   1%          5    ##.....
 Summon Lightning Spire   Summ/Air       #######.     1%          5    ##.....
 Summon Hydra             Summ           #######...   1%          6    ####...
 Summon Ice Beast         Ice/Summ       ######..     2%          4    None
 Petrify                  Tmut/Erth      ######....   3%          4    None
 Steam Barrier            Chrm/Fire      ######....   3%          5    ##.....
 Conjure Flame            Conj/Fire      #####...     4%          3    None
 Lightning Bolt           Conj/Air       ######..     4%          4    None
 Fulminant Prism          Conj/Hex       #####.....   5%          4    None
 Virulence                Hex/Pois       ######..     6%          6    ####...
 Magic Dart               Conj           ###.         7%          1    None
 Necrotize                Necr           ###...       7%          1    None
 Sandblast                Erth           ###...       7%          1    None
 Monstrous Menagerie      Summ           #######...   8%          7    ######.
 Shadow Creatures         Summ           N/A          8%          7    ######.
 Summon Greater Demon     Summ           #######...   8%          7    ######.
 Irradiate                Conj/Tmut      ######....   9%          5    ##.....
 Corpse Rot               Necr           N/A          10%         2    None
 Searing Ray              Conj           ###.....     10%         2    None
 Sublimation of Blood     Necr           ###.......   10%         2    None
 Dragon Form              Tmut           #######      12%         7    ######.
 Sticky Flame             Conj/Fire      #####...     16%         4    None
 Iskenderun's Battlesphe  Conj/Chrm      #####...     16%         5    ##.....
 Iskenderun's Mystic Bla  Conj           ###.....     21%         3    None
 Stone Arrow              Conj/Erth      ###...       21%         3    None
 Vampiric Draining        Necr           ###.......   21%         3    None
 Statue Form              Tmut/Erth      ######...    43%         6    ####...
 Summon Horrible Things   Summ           #######...   50%         8    #######
 Agony                    Necr           ###.....     54%         4    None
 Animate Dead             Necr           N/A          54%         4    None
 Poison Arrow             Conj/Pois      ######....   56%         6    ####...
 Bolt of Magma            Conj/Fire/Erth ####......   58%         5    ##.....
 Tornado                  Tloc/Air       ######....   85%         8    #######
 Dispel Undead            Necr           ###.....     88%         5    ##.....
 Time Stop                Chrm/Tloc      N/A          89%         8    #######
 Haunt                    Necr/Summ      ######....   90%         7    ######.
 Spellforged Servitor     Conj/Summ      ######....   90%         7    ######.
 Bolt of Fire             Conj/Fire      #####.....   94%         6    ####...
 Borgnjor's Vile Clutch   Necr/Erth      ###.......   100%        6    ####...
 Iron Shot                Conj/Erth      ###.......   100%        6    ####...
 Ozocubu's Refrigeration  Ice            ###.......   100%        6    ####...
 Dragon's Call            Summ           #######...   100%        9    #######
 Fire Storm               Conj/Fire      #####.....   100%        9    #######
 Shatter                  Erth           ###.......   100%        9    #######
 Passage of Golubria      Tloc           Unusable     N/A         5    N/A

Dungeon Overview and Level Annotations

Branches:
Dungeon (12/12)            Temple (1/1) D:6            Lair (6/6) D:9
  Swamp (3/3) Lair:4        Snake (3/3) Lair:3        Slime (5/5) Lair:6
    Orc (1/1) D:11            Elf (3/3) Orc          Vaults (2/3) D:11
  Crypt (2/2) Vaults:2       Tomb (0/3) Crypt:2      Depths (5/5) D:12
    Zot (5/5) Depths:5

Altars:
Ashenzari
Cheibriados
Dithmenos
Elyvilon
Fedhas
Gozag
Hepliaklqana
Kikubaaqudgha
Lugonu
Makhleb
Nemelex Xobeh
Okawaru
Qazlal
Ru
Sif Muna
Trog
Uskayaw
Vehumet
Wu Jian
Xom
Yredelemnul
Zin
The Shining One
Jiyva

Shops:
D:4 !*   D:8 ((   D:9 %   D:11 [   D:12 *   Orc !::(   Elf:3 ?%(*[
Snake:1 =(}}   Snake:3 %[*:   Vaults:1 *   Depths:1 [=%[

Portals:
Hell: Depths:1 Depths:2 Depths:3 Depths:4 Depths:5
Abyss: Lair:6 Depths:4
Pandemonium: Depths:3 Depths:4
Ziggurat: Depths:4

Annotations:
D:8 foxfromabyss's ghost, novice VSAc
Elf:2 3 runed doors
Zot:3 1 runed translucent door, Baqiw's ghost, master MiAc


Innate Abilities, Weirdness & Mutations

Your magical capacity is low. (-10% MP)
You are robust. (+10% HP)


Message History

Aim: a hell hound (catching its breath)
You shoot a sling bullet.
The sling bullet barely misses the hell hound.
Firing (i - inventory. (/) - cycle)
g - 3486 sling bullets (quivered)
Press: ? - help, Shift-Dir - straight line, f/p - hell hound
Aim: a hell hound (catching its breath)
You shoot a sling bullet. The sling bullet hits the hell hound!!
You kill the hell hound!
Okawaru accepts your kill.
Firing (i - inventory. (/) - cycle)
g - 3485 sling bullets (quivered)
Press: ? - help, Shift-Dir - straight line, f - you
Okay, then.
You see here a hell hound corpse.
You see here a hell hound corpse.
There is a large open door here.
A sixfirhy comes into view.
There is a large open door here.
There is a staircase leading out of the dungeon here.
The power of the Orb breaks the dimensional shunt like a soap bubble!
You have escaped!

#≈..8..........8..≈...'....#
#≈.##############.≈...####.#
#≈8#≈≈≈≈≈#.≈≈.#.#8≈...# #.#####
#≈.#≈...≈#.≈≈.#.#.≈.######.#...#
#≈.#≈.#3≈#.≈≈.#.#.≈......#)#...#
#≈8#≈.#.≈#.≈≈.#.#.≈#####.#.#...#
##≈.#≈.#.≈#.≈≈.#.#.≈....#.#......
....'..#..3§...'.#.≈.............
#...'..#..'§...'@#.≈......#######
#.≈.#≈.#††#§§≈.#.#.≈.#.##....####
#.≈8#≈.#.≈#.≈≈.#.#.≈.............
#.≈.#≈.#†≈#.≈≈.#.#.≈.#.......####
#.≈.#≈...≈#.≈≈.#.#.≈.#...........
..≈8#≈≈≈≈≈#.≈§.#.#8≈.#.#.#######.
..≈.##############.≈.#.#.# ####.
..≈..8..........8..≈.#.#.####....
..≈≈≈≈≈≈≈≈≈≈≈≈≈≈≈≈≈≈.#.#.......##


You could see a sixfirhy.

Vanquished Creatures
  3 juggernauts
  4 ancient liches (Zot:5)
  Mara (Elf:3)
  10 orbs of fire
  4 golden dragons
  5 Killer Klowns
  Vashnia (Snake:2)
  4 curse toes
  6 rockslimes
  Nikola (Vaults:1)
  A profane servitor (Crypt:2)
  A bone dragon (Crypt:2)
  2 electric golems (Zot:5)
  16 Orb Guardians
  3 liches
  8 tentacled monstrosities
  6 quicksilver dragons
  A titan (Slime:2)
  Rupert (Lair:5)
  3 deep elf blademasters
  3 deep elf master archers
  15 acid blobs
  A sphinx (Depths:5)
  7 shadow dragons
  10 death cobs
  3 thorn hunters
  3 tentacled starspawn (Abyss:2)
  11 ghouls
  8 nagarajas
  10 storm dragons
  3 tengu reavers
  2 revenants (Crypt:1)
  6 frost giants
  11 fire giants
  4 draconian knights
  A war gargoyle (Vaults:1)
  15 azure jellies
  3 draconian monks
  A deep elf sorcerer (Elf:2)
  Louise (Swamp:1)
  Aizul (Snake:1)
  A ghost moth (Zot:1)
  12 vault wardens
  3 draconian stormcallers
  An orc warlord (Orc)
  A draconian shifter (Zot:1)
  An angel (Abyss:2)
  21 stone giants
  3 deep elf elementalists (Elf:3)
  3 spriggan defenders (Depths:4)
  5 draconian annihilators
  4 ironheart preservers
  A draconian scorcher (Zot:2)
  An eye of devastation (Depths:3)
  2 reapers
  22 very ugly things
  8 green draconians
  4 black draconians
  A dire elephant (shapeshifter) (D:12)
  4 vampire knights (Crypt:1)
  11 dire elephants
  The ghost of yrara the Martial Artist, a journeyman DsFi of Gozag (Lair:5)
  3 lorocyprocas
  12 yellow draconians
  7 deep elf annihilators (Elf:3)
  7 purple draconians
  9 spark wasps
  2 white draconians
  9 eidola
  5 deep elf demonologists (Elf:3)
  5 red draconians
  A mummy priest (Crypt:2)
  9 deep elf death magi
  13 ettins
  A merfolk impaler (Depths:2)
  A green death (Depths:3)
  12 yaktaur captains
  4 deep elf high priests (Elf:3)
  11 fire dragons
  Urug (D:11)
  4 jiangshi (Crypt:1)
  Harold (Lair:5)
  11 ice dragons
  Erolcha (D:11)
  Psyche (D:10)
  14 vault guards
  2 ghost crabs
  6 rakshasas
  20 hydras
  Erica (D:10)
  3 shambling mangroves
  7 anacondas
  A catoblepas (Lair:5)
  8 naga warriors
  7 ogre magi
  11 great orbs of eyes
  22 two-headed ogres
  5 death oozes
  12 dancing weapons
  9 death knights
  2 deep troll shamans (Depths:3)
  3 vampire magi
  9 alligators
  3 death yaks (Lair:5)
  4 ironheart beastmasters (Vaults:1)
  3 spriggan berserkers
  3 hell hogs (Depths:3)
  4 deep troll earth magi
  4 tengu warriors
  2 orc high priests (Orc)
  3 thrashing horrors (Lair:6)
  18 naga sharpshooters
  4 shock serpents
  17 deep trolls
  A titan zombie (Crypt:2)
  27 centaur warriors
  2 soul eaters (Abyss:2)
  22 deep elf knights
  5 goliath frogs
  16 skeletal warriors
  A wretched star (Abyss:2)
  5 iron trolls
  3 salamander mystics (Snake:3)
  An unseen horror (Lair:5)
  4 hell knights (Depths:3)
  3 sixfirhies
  An entropy weaver zombie (Crypt:1)
  A quicksilver dragon simulacrum (Crypt:1)
  6 flayed ghosts
  A golden dragon zombie (Crypt:2)
  A death drake (Swamp:2)
  A spatial maelstrom (Abyss:2)
  3 wolf spider zombies
  11 swamp dragons
  4 spriggan druids
  11 naga ritualists
  7 glowing orange brains
  A sphinx zombie (Vaults:2)
  21 deep elf archers
  7 ironheart convokers
  Pikel (D:6)
  A shadow dragon zombie (Crypt:2)
  5 cyclopes
  8 wizards
  16 phantasmal warriors
  9 large abominations
  3 lindwurms (Swamp:3)
  A stone giant zombie (Depths:3)
  7 necromancers
  8 mana vipers
  6 orc knights
  3 oklob plants (Lair:6)
  6 shining eyes
  34 ugly things
  An apocalypse crab (Abyss:2)
  A fire giant zombie (Crypt:2)
  11 orc sorcerers
  A shining eye (shapeshifter) (D:11)
  62 deep elf magi
  11 elephants
  A manticore (D:8)
  3 frost giant zombies
  2 dire elephant zombies (Crypt:2)
  A moth of wrath (shapeshifter) (Vaults:2)
  2 worldbinders (Abyss:2)
  26 moths of wrath
  2 salamanders (Snake:1)
  A fire giant skeleton (Vaults:2)
  An iron dragon skeleton (Depths:3)
  A shock serpent zombie (Crypt:1)
  5 vault sentinels
  11 naga magi
  4 guardian serpents
  2 stone giant skeletons
  21 black mambas
  10 will-o'-wisps
  A rust devil (Depths:4)
  5 smoke demons
  2 torpor snails (Depths:3)
  18 cane toads
  4 gargoyles
  29 yaktaurs
  7 komodo dragons
  An eye of draining (D:10)
  2 efreet (Zot:2)
  9 freezing wraiths
  3 tengu conjurers
  3 guardian mummies (Crypt:2)
  A flying skull (Abyss:2)
  A spark wasp simulacrum (Depths:3)
  2 kobold demonologists (D:11)
  2 ice devils
  Maurice (D:10)
  A queen bee (Lair:2)
  A troll (shapeshifter) (Lair:6)
  A red devil (Depths:4)
  A black draconian skeleton (Crypt:1)
  A polar bear (Lair:1)
  13 trolls
  5 ancient zymes
  8 tyrant leeches
  2 queen bees (shapeshifter)
  A tyrant leech (shapeshifter) (D:12)
  A polar bear (shapeshifter) (Depths:4)
  A hornet (shapeshifter) (D:12)
  22 hornets
  3 bog bodies
  A hydra zombie (Crypt:2)
  A meliai zombie (D:11)
  6 raiju (Abyss:2)
  83 slime creatures
  5 harpy skeletons
  2 stone giant simulacra (Depths:3)
  5 hippogriffs
  Grum (Lair:5)
  14 starcursed masses
  A blink frog (shapeshifter) (D:12)
  3 ettin zombies
  An alligator zombie (Crypt:2)
  18 blink frogs
  2 frost giant simulacra
  2 shadows
  3 ynoxinuls (Abyss:2)
  A black mamba zombie (Crypt:2)
  Sigmund (D:4)
  29 spriggans
  A dire elephant simulacrum (Crypt:1)
  3 vampires
  5 air elementals
  5 wyverns
  3 basilisks
  A human (shapeshifter) (Depths:1)
  10 water elementals
  37 yaks
  10 wraiths
  3 fire elementals
  5 hungry ghosts
  4 golden eyes
  10 vampire mosquitoes
  A steam dragon (D:9)
  2 chaos spawn
  7 neqoxecs
  Menkaure (D:7)
  4 spatial vortices (Abyss:2)
  37 nagas
  8 wargs
  An acid dragon (shapeshifter) (Vaults:1)
  9 crocodiles
  9 swamp worms
  2 acid dragons
  4 floating eyes
  10 hell hounds
  13 swamp drakes
  13 water moccasins
  9 porcupines
  A hornet zombie (D:11)
  A slave (D:6)
  A soldier ant (shapeshifter) (Elf:1)
  2 black bears
  3 phantoms
  8 sky beasts
  3 ice beasts
  20 orc warriors
  13 necrophages (Crypt:2)
  2 black mamba simulacra
  23 wolves
  16 ogres
  11 boggarts
  13 small abominations
  A blink frog skeleton (D:10)
  A kobold brigand (D:11)
  10 bullfrogs
  A gnoll sergeant (D:9)
  An earth elemental (Elf:3)
  A wyvern zombie (D:8)
  4 water moccasin zombies (Ossuary)
  10 centaurs
  3 scorpions
  6 wyvern skeletons
  20 killer bees
  2 spriggan skeletons
  10 wights
  A howler monkey (D:4)
  A howler monkey (shapeshifter) (Depths:1)
  15 orc priests
  4 electric eels
  6 crimson imps
  A lava snake (D:8)
  2 bullfrog zombies
  A quasit (D:7)
  6 hounds
  2 human simulacra
  A human zombie (Crypt:1)
  4 jellies
  An iron imp (Abyss:2)
  A bullfrog skeleton (D:4)
  Ijyb (D:3)
  4 iguanas
  30 orc wizards
  9 hell rats
  4 worker ants
  A killer bee zombie (D:8)
  2 porcupine skeletons (D:10)
  An ogre zombie (Crypt:2)
  7 kobold zombies (Ossuary)
  A hound skeleton (D:5)
  2 mummies (Ossuary)
  3 worker ant zombies
  Robin (D:2)
  3 gnolls (D:9)
  18 adders
  A centaur skeleton (Crypt:1)
  A centaur zombie (Crypt:2)
  10 river rats
  2 shadow imps
  2 white imps (Abyss:2)
  2 oozes
  6 adder zombies
  4 worms
  3 dart slugs
  5 leopard geckos
  74 orcs
  2 ball pythons
  A bat zombie (D:4)
  6 giant cockroaches
  A gnoll zombie (Ossuary)
  11 goblins
  8 hobgoblins
  8 jackals
  19 kobolds
  2 quokkas (D:3)
  2 bats
  3 frilled lizards
  A gnoll skeleton (Crypt:1)
  2 goblin zombies (D:6)
  6 hobgoblin zombies (Ossuary)
  A jackal skeleton (D:7)
  2 orc zombies (Ossuary)
  12 rats
  A rat zombie (D:4)
  2 fungi
  3 plants
  3 starspawn tentacles (Abyss:2)
2185 creatures vanquished.

Vanquished Creatures (collateral kills)
  A juggernaut (Depths:4)
  2 Killer Klowns (Zot:5)
  2 golden dragons
  A pandemonium lord (Zot:2)
  A curse toe (Zot:5)
  2 Orb Demons
  3 tentacled monstrosities
  13 Orb Guardians (Zot:5)
  2 quicksilver dragons
  A lich (Depths:3)
  An acid blob (Slime:5)
  2 draconian monks
  2 tengu reavers
  A draconian knight (Zot:3)
  A fire giant (Zot:2)
  3 draconian shifters
  4 stone giants
  A spriggan defender (Depths:3)
  A draconian annihilator (Zot:1)
  A very ugly thing (Depths:5)
  5 black draconians
  2 green draconians
  2 vampire knights (Depths:4)
  7 purple draconians
  2 red draconians
  8 yellow draconians
  3 white draconians
  3 ettins
  A fire dragon (Depths:3)
  A yaktaur captain (Depths:5)
  3 ice dragons
  3 spriggan air magi
  3 rakshasas
  3 great orbs of eyes
  A two-headed ogre (Zot:2)
  A deep troll shaman (Depths:2)
  2 tengu warriors
  An ugly thing (Depths:4)
  2 moths of wrath (Zot:1)
  2 torpor snails (Depths:3)
  2 efreet (Zot:2)
  A spriggan skeleton (Depths:3)
  A tengu conjurer (Depths:4)
  A yaktaur (Depths:4)
  An ice devil (Zot:2)
  A troll (Zot:2)
  6 hornets
  5 slime creatures
  4 spriggans
  A crocodile (Lair:4)
  2 ogres (Zot:2)
  A boggart (Depths:3)
  A hound (D:6)
  An orc wizard (D:9)
  4 orcs (D:6)
132 creatures vanquished.

Vanquished Creatures (others)
  the Royal Jelly (Slime:5)
  5 acid blobs (Slime:5)
  A titan (Crypt:1)
  10 eldritch tentacles
  A ghoul (Crypt:1)
  3 azure jellies (Slime:5)
  An orc warlord (Vaults:2)
  A frost giant (Zot:2)
  A spark wasp (Depths:3)
  A red draconian (Zot:1)
  Snorg (D:12)
  2 ettins (Zot:2)
  A yaktaur captain (Vaults:1)
  3 vault guards (Vaults:1)
  A spriggan air mage (Depths:3)
  A shadow wraith (Vaults:1)
  8 death oozes (Slime:5)
  2 two-headed ogres (Depths:3)
  A tengu warrior (Depths:2)
  An ogre mage (Depths:3)
  An orc high priest (Elf:1)
  3 centaur warriors
  A deep elf archer (Elf:1)
  2 necromancers
  An oklob plant (Lair:6)
  A manticore (D:11)
  A frost giant zombie (Vaults:2)
  An ugly thing (Depths:2)
  5 elephants
  2 moths of wrath
  A frost giant skeleton (Crypt:1)
  2 vault sentinels (Vaults:1)
  A cane toad (Lair:1)
  A yaktaur (D:12)
  A troll (D:11)
  A hydra zombie (Crypt:1)
  A harpy skeleton (D:12)
  A blink frog (Lair:6)
  2 hippogriffs (Lair:1)
  An acid dragon (Lair:4)
  A wyvern (D:10)
  A spriggan (Lair:6)
  A water elemental (Depths:2)
  2 wraiths
  14 yaks
  A black bear (D:9)
  A naga (Snake:1)
  A soldier ant (D:12)
  A black bear (shapeshifter) (Lair:6)
  An orc warrior (Elf:1)
  A snapping turtle zombie (Crypt:1)
  3 centaurs
  A human simulacrum (Vaults:2)
  4 killer bees (Lair:2)
  A jelly (D:12)
  2 orc wizards (Orc)
  A gnoll (Bailey)
  An adder (D:6)
  6 river rats (Lair:3)
  4 orcs
  3 kobolds
  40 fungi
  41 plants
  3 starspawn tentacles (Abyss:2)
  3 withered plants (Crypt:2)
214 creatures vanquished.

Grand Total: 2531 creatures vanquished

Notes
Turn   | Place    | Note
-------+----------+-------------------------------------------
     0 | D:1      | zoran the Human Wanderer began the quest for the Orb.
     0 | D:1      | zoran set off with the following items: a +0 mace, a potion
                  | of berserk rage, a +0 robe, a ration {!d}; and the
                  | following spell memorised: Corona; and the following spells
                  | available to memorise: Shackle, False Image, Inner Flame,
                  | Cause Fear, Yara's Violent Unravelling
     0 | D:1      | Reached XP level 1. HP: 16/16 MP: 2/2
   103 | D:1      | Reached XP level 2. HP: 18/22 MP: 0/3
   485 | D:1      | Reached skill level 1 in Stealth
   503 | D:1      | Reached XP level 3. HP: 21/27 MP: 1/4
  1172 | D:2      | Noticed Robin
  1189 | D:2      | Killed Robin
  1190 | D:2      | Reached XP level 4. HP: 18/33 MP: 3/6
  2018 | D:2      | Reached skill level 1 in Slings
  2021 | D:2      | Reached XP level 5. HP: 24/39 MP: 7/7
  3052 | D:4      | Found Rockaic's Assorted Antiques.
  3057 | D:4      | Bought a scroll of identify for 48 gold pieces
  3057 | D:4      | Bought a scroll of identify for 48 gold pieces
  3057 | D:4      | Bought a yellow potion for 21 gold pieces
  3057 | D:4      | Bought a scroll of identify for 48 gold pieces
  3076 | D:4      | Noticed a sky beast
  3098 | D:4      | Killed a sky beast
  3099 | D:4      | Reached skill level 4 in Fighting
  3099 | D:4      | Reached XP level 6. HP: 23/48 MP: 7/9
  3322 | D:4      | Found Donujum's Distillery.
  3331 | D:4      | Bought a potion of curing for 35 gold pieces
  3363 | D:4      | Found an ancient bone altar of Kikubaaqudgha.
  3418 | D:4      | Noticed Ijyb
  3466 | D:3      | Killed Ijyb
  3588 | D:4      | Reached skill level 5 in Fighting
  3588 | D:4      | Reached XP level 7. HP: 47/56 MP: 8/10
  3704 | D:4      | Reached skill level 1 in Dodging
  3936 | D:4      | Noticed Sigmund
  3945 | D:4      | Killed Sigmund
  3946 | D:4      | Reached XP level 8. HP: 53/62 MP: 9/11
  4017 | D:4      | Learned a level 2 spell: Shackle
  4193 | D:5      | Entered Level 5 of the Dungeon
  4364 | D:5      | HP: 3/62 [bullfrog (5)]
  4747 | D:5      | Reached skill level 5 in Hexes
  5022 | D:6      | Reached XP level 9. HP: 68/68 MP: 12/12
  5486 | D:6      | Found a sand-covered staircase.
  5500 | D:6      | Learned a level 3 spell: Inner Flame
  5501 | Ossuary  | Entered an ossuary
  6164 | D:6      | Reached skill level 5 in Dodging
  6209 | D:6      | Found a shimmering altar of Xom.
  6293 | D:6      | Found a staircase to the Ecumenical Temple.
  6302 | Temple   | Entered the Ecumenical Temple
  6350 | Temple   | Became a worshipper of Warmaster Okawaru
  6464 | D:6      | Noticed Pikel
  6492 | D:6      | Killed Pikel
  6492 | D:6      | Reached * piety under Okawaru
  6493 | D:6      | Reached skill level 5 in Armour
  6493 | D:6      | Reached skill level 5 in Spellcasting
  6493 | D:6      | Reached skill level 5 in Evocations
  6493 | D:6      | Reached skill level 5 in Slings
  6530 | D:6      | Reached XP level 10. HP: 42/74 MP: 17/17
  6963 | D:7      | Found a flagged portal.
  6985 | Bailey   | Entered a bailey
  7453 | Bailey   | Found a burning altar of Makhleb.
  7508 | D:7      | Noticed Menkaure
  7514 | D:7      | Killed Menkaure
  7576 | D:7      | Learned a level 2 spell: Blink
  7588 | D:7      | Noticed a two-headed ogre
  7806 | D:7      | Reached skill level 1 in Translocations
  8124 | D:7      | Killed a two-headed ogre
  8124 | D:7      | Reached ** piety under Okawaru
  8352 | D:8      | Found Nitutahy's Weapon Boutique.
  8659 | D:8      | Noticed a manticore
  8669 | D:8      | Killed a manticore
  8670 | D:8      | Reached skill level 5 in Translocations
  8830 | D:8      | Found Jeomeir's Weapon Shop.
  8908 | D:8      | Reached XP level 11. HP: 57/79 MP: 18/18
  9137 | D:8      | Reached *** piety under Okawaru
  9345 | D:8      | Reached skill level 1 in Invocations
  9368 | D:8      | Found a runed translucent gate.
  9368 | D:8      | Found a runed translucent gate.
  9368 | D:8      | Noticed a ten-headed hydra
  9368 | D:8      | Noticed foxfromabyss's ghost (novice VSAc)
  9368 | D:8      | Noticed a nine-headed hydra
  9369 | D:8      | Found a runed translucent gate.
  9438 | D:8      | Reached skill level 10 in Slings
  9913 | D:9      | Reached skill level 6 in Fighting
  9941 | D:9      | Reached **** piety under Okawaru
 10279 | D:9      | Found Imaxoyn's Food Boutique.
 10281 | D:9      | Noticed a centaur warrior
 10301 | D:9      | Killed a centaur warrior
 10302 | D:9      | Reached skill level 5 in Invocations
 10634 | D:9      | Found a staircase to the Lair.
 11058 | D:8      | Killed a nine-headed hydra
 11059 | D:8      | Reached skill level 7 in Fighting
 11064 | D:8      | Killed a ten-headed hydra
 11064 | D:8      | Received a gift from Okawaru
 11064 | D:8      | Reached ***** piety under Okawaru
 11258 | D:8      | Got a twisted broad axe
 11362 | D:9      | Identified the cursed +1 broad axe "Lifebane" {drain, rN+
                  | Str+4} (You found it on level 8 of the Dungeon)
 11409 | Lair:1   | Entered Level 1 of the Lair of Beasts
 11619 | Lair:1   | Reached XP level 12. HP: 92/92 MP: 10/19
 11626 | Lair:1   | Reached skill level 1 in Fire Magic
 11835 | Lair:1   | Noticed an eight-headed hydra
 11850 | Lair:1   | Killed an eight-headed hydra
 11851 | Lair:1   | Reached skill level 8 in Fighting
 12542 | Lair:2   | Found a gate leading to a gauntlet.
 12556 | Gauntlet | Entered a Gauntlet
 12556 | Gauntlet | Found a transporter.
 12556 | Gauntlet | Found a transporter.
 12562 | Gauntlet | Found a transporter.
 12571 | Gauntlet | Found a transporter.
 12582 | Gauntlet | Noticed a sixfirhy
 12586 | Gauntlet | Found a transporter.
 12594 | Gauntlet | Found a transporter.
 12594 | Gauntlet | Found a transporter.
 12597 | Gauntlet | Noticed a sixfirhy
 12599 | Gauntlet | Found a transporter.
 12618 | Gauntlet | Found a transporter.
 12625 | Gauntlet | Found a transporter.
 12640 | Gauntlet | Found a transporter.
 12686 | Gauntlet | Found a transporter.
 12705 | Gauntlet | Found a transporter.
 12706 | Gauntlet | Noticed a death scarab
 12789 | Gauntlet | Found a transporter.
 12798 | Gauntlet | Found a transporter.
 12813 | Gauntlet | Noticed a death ooze
 12816 | Gauntlet | Found a transporter.
 13172 | Lair:2   | Received a gift from Okawaru
 13668 | Lair:2   | Reached skill level 9 in Fighting
 13668 | Lair:2   | Reached XP level 13. HP: 101/101 MP: 9/20
 13669 | Lair:2   | Reached skill level 5 in Fire Magic
 14529 | Lair:2   | Reached skill level 10 in Fighting
 15139 | Lair:3   | Reached skill level 5 in Maces & Flails
 16199 | Lair:3   | Found a staircase to the Snake Pit.
 16655 | Lair:4   | Noticed a four-headed hydra
 16858 | Lair:3   | Killed a four-headed hydra
 16948 | Lair:4   | Found a glowing silver altar of Zin.
 17488 | Lair:4   | Received a gift from Okawaru
 17491 | Lair:4   | Got a pitted ring mail {god gift}
 17503 | Lair:4   | Identified the +4 ring mail "Sarphytsev" {MR+} (Okawaru
                  | gifted it to you on level 4 of the Lair of Beasts)
 17567 | Lair:4   | Found a transporter.
 17579 | Lair:4   | Got an encrusted flail
 17859 | Lair:4   | Found a staircase to the Swamp.
 18161 | Lair:4   | Found a transporter.
 18236 | Lair:4   | Noticed a six-headed hydra
 18242 | Lair:4   | Killed a six-headed hydra
 18375 | Lair:4   | Identified the +0 flail of Darkness {holy, Int+3 Dex+3}
                  | (You found it on level 4 of the Lair of Beasts)
 18585 | Lair:5   | Noticed Grum
 18606 | Lair:5   | Reached XP level 14. HP: 98/110 MP: 14/21
 18611 | Lair:5   | Killed Grum
 18674 | Lair:5   | Reached skill level 10 in Maces & Flails
 18739 | Lair:5   | Found a runed translucent door.
 18740 | Lair:5   | Noticed yrara's ghost (journeyman DsFi)
 18947 | Lair:5   | Noticed Rupert
 18978 | Lair:5   | Killed Rupert
 19014 | Lair:5   | Noticed Harold
 19034 | Lair:5   | Killed Harold
 20063 | Lair:5   | Killed yrara's ghost
 20140 | Lair:6   | Entered Level 6 of the Lair of Beasts
 20158 | Lair:6   | Received a gift from Okawaru
 20456 | Lair:5   | Received a gift from Okawaru
 20790 | Lair:6   | Received a gift from Okawaru
 21295 | Lair:5   | Reached XP level 15. HP: 70/115 MP: 5/22
 21458 | Lair:6   | Received a gift from Okawaru
 21663 | Lair:6   | Reached skill level 15 in Slings
 21939 | Lair:6   | Reached ****** piety under Okawaru
 21941 | Lair:6   | Received a gift from Okawaru
 22211 | Lair:6   | Found a corrupted altar of Lugonu.
 22211 | Lair:6   | Found a one-way gate to the infinite horrors of the Abyss.
 22371 | Lair:6   | Found a viscous altar of Jiyva.
 22372 | Lair:6   | Found a staircase to the Slime Pits.
 22647 | Lair:6   | Got a crude hat
 22670 | Lair:6   | Identified the +2 hat of the Sturgeon {rF+ MR+ Str+4} (You
                  | found it on level 6 of the Lair of Beasts)
 22830 | D:10     | Entered Level 10 of the Dungeon
 23116 | D:10     | Noticed Erica
 23141 | D:10     | Killed Erica
 23240 | D:10     | Noticed Psyche
 23260 | D:10     | Killed Psyche
 23261 | D:10     | Reached skill level 11 in Fighting
 23419 | D:10     | Received a gift from Okawaru
 23434 | D:10     | Noticed Maurice
 23447 | D:10     | Killed Maurice
 24150 | D:11     | Found Doki's Armour Boutique.
 24519 | D:11     | Noticed Urug
 24534 | D:11     | Killed Urug
 24561 | D:11     | Reached XP level 16. HP: 117/127 MP: 24/24
 24655 | D:11     | Found a staircase to the Orcish Mines.
 24756 | D:11     | Noticed Erolcha
 24766 | D:11     | Killed Erolcha
 24922 | D:11     | Found a gate to the Vaults.
 25259 | Orc      | Entered the Orcish Mines
 25428 | Orc      | Found a staircase to the Elven Halls.
 25648 | Orc      | Found a flickering gateway to a bazaar.
 25658 | Bazaar   | Entered a bazaar
 25776 | Bazaar   | Found Imahoj's Book Shoppe.
 25860 | Bazaar   | Found Utepu's Antique Weapon Shoppe.
 25875 | Bazaar   | Found Yhairruv's Antique Armour Emporium.
 25906 | Bazaar   | Bought a book of the Sky for 975 gold pieces
 25913 | Bazaar   | Learned a level 6 spell: Deflect Missiles
 26063 | Orc      | Reached skill level 12 in Fighting
 26317 | Orc      | Reached skill level 1 in Air Magic
 26325 | Orc      | Received a gift from Okawaru
 26363 | Orc      | Reached skill level 1 in Charms
 26469 | Orc      | Found Borph's Book Shop.
 26536 | Orc      | Found a radiant altar of Vehumet.
 26565 | Orc      | Found Yco Apt's Book Shop.
 26619 | Orc      | Found an ancient bone altar of Kikubaaqudgha.
 26633 | Orc      | Found Xuphyo Dutwa's Antique Weapon Boutique.
 26798 | Orc      | Found a roughly hewn altar of Beogh.
 26813 | Orc      | Found Viroogib's Distillery.
 26825 | Orc      | Bought a potion of agility for 56 gold pieces
 26825 | Orc      | Bought a potion of might for 56 gold pieces
 26825 | Orc      | Bought a potion of agility for 56 gold pieces
 26863 | Orc      | Bought a book of Battle for 480 gold pieces
 26867 | Orc      | Learned a level 3 spell: Regeneration
 26870 | Orc      | Learned a level 2 spell: Song of Slaying
 26972 | D:12     | Entered Level 12 of the Dungeon
 27481 | D:12     | Found a hide-covered altar of Uskayaw.
 27536 | D:12     | Reached skill level 5 in Charms
 27536 | D:12     | Reached skill level 5 in Air Magic
 27848 | D:12     | Received a gift from Okawaru
 27929 | D:12     | Noticed Snorg
 27946 | D:12     | Killed Snorg
 28004 | D:12     | Reached XP level 17. HP: 99/133 MP: 27/27
 28183 | D:12     | Found Huk Usoc's Assorted Antiques.
 28194 | D:12     | Bought a scroll labeled GEWKEIZUPS for 34 gold pieces
 28195 | D:12     | Bought a wand of charming (7) for 170 gold pieces
 28273 | D:12     | Received a gift from Okawaru
 28431 | D:12     | Found a staircase to the Depths.
 28756 | Snake:1  | Entered Level 1 of the Snake Pit
 28957 | Snake:1  | Found Xatof's Antique Weapon Emporium.
 29373 | Snake:1  | Found Jijei's Gadget Emporium.
 29569 | Snake:1  | Found Ofemeerui's Jewellery Shop.
 29571 | Snake:1  | Found Mohyuwi's Gadget Emporium.
 29609 | Snake:1  | Noticed Aizul
 29627 | Snake:1  | Killed Aizul
 29627 | Snake:1  | Received a gift from Okawaru
 30031 | Snake:2  | Received a gift from Okawaru
 30433 | Snake:2  | Received a gift from Okawaru
 30442 | Snake:2  | Got a scorched buckler {god gift}
 30463 | Snake:2  | Identified the +0 buckler of Enkuhuomil {rElec Regen+ Str-4
                  | Dex+4} (Okawaru gifted it to you on level 2 of the Snake
                  | Pit)
 30466 | Snake:2  | Got a smoking crystal amulet
 30468 | Snake:2  | Identified the amulet of Huilidwa {Acrobat rC+ Stlth+} (You
                  | found it on level 2 of the Snake Pit)
 30555 | Snake:2  | Noticed Vashnia
 30588 | Snake:2  | HP: 5/133 [Vashnia/arrow (19)]
 30588 | Snake:2  | HP: 1/133 [Vashnia/arrow (4)]
 31004 | Snake:2  | Killed Vashnia
 31203 | Snake:2  | Reached skill level 10 in Charms
 31203 | Snake:2  | Reached skill level 10 in Air Magic
 31445 | Snake:3  | Entered Level 3 of the Snake Pit
 31834 | Snake:3  | Found Wilel's General Store.
 31834 | Snake:3  | Found Ijokeni's Armour Shoppe.
 31839 | Snake:3  | Found Ittidich's Food Emporium.
 31843 | Snake:3  | Bought a potion of heal wounds for 85 gold pieces
 31843 | Snake:3  | Bought a scroll of enchant weapon for 127 gold pieces
 31924 | Snake:3  | Found Suc Nol's Book Boutique.
 32006 | Snake:3  | Reached XP level 18. HP: 125/140 MP: 26/29
 32293 | Snake:3  | Learned a level 4 spell: Yara's Violent Unravelling
 32442 | Snake:3  | Received a gift from Okawaru
 32500 | Snake:3  | Received a gift from Okawaru
 32526 | Snake:3  | Received a gift from Okawaru
 32560 | Snake:3  | Received a gift from Okawaru
 32695 | Snake:3  | Reached skill level 5 in Throwing
 32864 | Snake:3  | Received a gift from Okawaru
 32866 | Snake:3  | Reached skill level 5 in Transmutations
 33241 | Snake:3  | Got a serpentine rune of Zot
 33254 | Snake:3  | Received a gift from Okawaru
 33716 | D:10     | Learned a level 5 spell: Silence
 33911 | Swamp:1  | Entered Level 1 of the Swamp
 34097 | Swamp:1  | Noticed Louise
 34101 | Swamp:1  | Cast into level 1 of the Abyss (Louise)
 34247 | Swamp:1  | Escaped the Abyss
 34251 | Swamp:1  | Killed Louise
 34345 | Swamp:1  | Received a gift from Okawaru
 34348 | Swamp:1  | Reached skill level 10 in Spellcasting
 34509 | Swamp:1  | Reached XP level 19. HP: 117/146 MP: 33/33
 34942 | Swamp:2  | Received a gift from Okawaru
 34943 | Swamp:2  | Reached skill level 1 in Shields
 35198 | Swamp:2  | Found a hide-covered altar of Uskayaw.
 35975 | Swamp:3  | Entered Level 3 of the Swamp
 36291 | Swamp:3  | Reached skill level 5 in Shields
 36491 | Swamp:3  | Got a decaying rune of Zot
 36504 | Swamp:3  | Received a gift from Okawaru
 36894 | Vaults:1 | Entered Level 1 of the Vaults
 37431 | Vaults:1 | Reached XP level 20. HP: 131/153 MP: 32/34
 37495 | Vaults:1 | Received a gift from Okawaru
 37704 | Vaults:1 | Found Mofid's General Store.
 37983 | Vaults:1 | Reached skill level 10 in Armour
 38064 | Vaults:1 | Reached skill level 10 in Dodging
 38624 | Vaults:1 | Received a gift from Okawaru
 38759 | Vaults:1 | Reached skill level 10 in Shields
 38867 | Vaults:1 | Noticed Nikola
 38879 | Vaults:1 | Reached skill level 10 in Hexes
 38883 | Vaults:1 | Killed Nikola
 38884 | Vaults:1 | Reached skill level 10 in Evocations
 38895 | Vaults:1 | Reached XP level 21. HP: 159/159 MP: 30/35
 39456 | Vaults:2 | Received a gift from Okawaru
 39548 | Vaults:2 | Received a gift from Okawaru
 39742 | Vaults:2 | Identified the +6 fustibalus "Qanuc" {velocity, +Fly rN+
                  | Dex-4 SInv} (Okawaru gifted it to you on level 2 of the
                  | Vaults)
 39742 | Vaults:2 | Received a gift from Okawaru
 39960 | Vaults:2 | Reached skill level 13 in Fighting
 39972 | Vaults:2 | Received a gift from Okawaru
 40292 | Vaults:2 | Received a gift from Okawaru
 40567 | Vaults:2 | Identified the +1 hunting sling of Iremepno {flame, rPois
                  | MR+} (Okawaru gifted it to you on level 2 of the Vaults)
 40567 | Vaults:2 | Received a gift from Okawaru
 40776 | Vaults:2 | Found a staircase to the Crypt.
 41596 | Elf:1    | Entered Level 1 of the Elven Halls
 41610 | Elf:1    | Reached XP level 22. HP: 171/171 MP: 24/36
 41613 | Elf:1    | Reached skill level 14 in Fighting
 41715 | Elf:1    | Learned a level 3 spell: Portal Projectile
 42191 | Elf:1    | Found a radiant altar of Vehumet.
 42664 | Elf:1    | Found a radiant altar of Vehumet.
 43107 | Elf:2    | Received a gift from Okawaru
 43111 | Elf:2    | Reached skill level 15 in Fighting
 43394 | Elf:2    | Reached skill level 10 in Invocations
 43512 | Elf:2    | Found a runed gate.
 43513 | Elf:2    | Found a runed gate.
 43513 | Elf:2    | Found a runed gate.
 43698 | Elf:3    | Entered Level 3 of the Elven Halls
 43912 | Elf:3    | Found Fotil's Armour Shoppe.
 43991 | Elf:3    | Found Ucum's Food Shop.
 44284 | Elf:3    | Found Idoyrij's General Store.
 44293 | Elf:3    | Bought a potion of haste for 200 gold pieces
 44293 | Elf:3    | Bought a scroll of enchant armour for 150 gold pieces
 44351 | Elf:3    | Noticed Mara
 44370 | Elf:3    | Noticed zoran's illusion
 44383 | Elf:3    | Killed Mara
 44384 | Elf:3    | Reached skill level 5 in Stealth
 44487 | Elf:3    | Found Qotah's Weapon Emporium.
 44584 | Elf:3    | Found Lucvol's Magic Scroll Shop.
 44597 | Elf:3    | Bought a scroll of blinking for 142 gold pieces
 44597 | Elf:3    | Bought a scroll of blinking for 142 gold pieces
 44597 | Elf:3    | Bought a scroll of enchant armour for 142 gold pieces
 44597 | Elf:3    | Bought a scroll of fog for 38 gold pieces
 44597 | Elf:3    | Bought a scroll of teleportation for 57 gold pieces
 44833 | Elf:3    | Received a gift from Okawaru
 44859 | Elf:3    | Reached XP level 23. HP: 181/181 MP: 0/37
 45069 | Elf:3    | Identified the +5 great sword "Juib" {pain, rF+ rN+}
 45161 | Elf:3    | Received a gift from Okawaru
 45233 | Elf:3    | Found the +15 Maxwell's patent armour {-Cast -Tele rElec
                  | MR+ rCorr}
 45255 | Elf:3    | Identified the +6 rapier of Crawling {pierce, MR++}
 45263 | Elf:3    | Identified the +5 hunting sling "Vuawyro" {velocity,
                  | *Contam rF+ rN+}
 45612 | Slime:1  | Entered Level 1 of the Pits of Slime
 45764 | Slime:2  | Received a gift from Okawaru
 46016 | Slime:3  | Received a gift from Okawaru
 46943 | Slime:5  | Entered Level 5 of the Pits of Slime
 47007 | Slime:5  | Received a gift from Okawaru
 47310 | Slime:5  | Noticed the Royal Jelly
 47320 | Slime:5  | Was placed under penance by Okawaru
 47730 | Crypt:1  | Entered Level 1 of the Crypt
 47903 | Crypt:1  | Was forgiven by Okawaru
 47938 | Crypt:1  | Received a gift from Okawaru
 48221 | Crypt:1  | Reached XP level 24. HP: 127/188 MP: 20/37
 48734 | Crypt:2  | Entered Level 2 of the Crypt
 48922 | Crypt:2  | Reached skill level 15 in Dodging
 49033 | Crypt:2  | Reached skill level 15 in Evocations
 49118 | Crypt:2  | Received a gift from Okawaru
 49154 | Crypt:2  | Identified the amulet of Geimpi {Regen +Inv}
 49154 | Crypt:2  | Identified the ring of Relativism {rElec rN+}
 49154 | Crypt:2  | Identified the ring "Weacsotu" {rN+ Str+4 Int+7}
 49353 | Crypt:2  | Received a gift from Okawaru
 49360 | Crypt:2  | Identified the cursed +2 bardiche of the Head {drain,
                  | Str+5}
 49478 | Crypt:2  | Found a basalt altar of Yredelemnul.
 49548 | Crypt:2  | Received a gift from Okawaru
 49663 | Crypt:2  | Identified the Papyrus of Clay and Heat
 49716 | Crypt:2  | Received a gift from Okawaru
 49939 | Crypt:2  | Received a gift from Okawaru
 50079 | Crypt:2  | Received a gift from Okawaru
 50322 | Crypt:2  | Reached skill level 16 in Fighting
 50345 | Crypt:2  | Learned a level 6 spell: Infestation
 50381 | Crypt:2  | Found a staircase to the Tomb.
 50396 | Crypt:2  | Reached skill level 1 in Poison Magic
 51443 | Slime:5  | Found a viscous altar of Jiyva.
 51455 | Slime:5  | Found the +4 serpentine sling {petrify}
 51631 | Slime:5  | Killed the Royal Jelly
 51690 | Slime:5  | Identified the cursed ring of Intercession {rN+++ Str-3
                  | Dex-3 Stlth+}
 51700 | Slime:5  | Got a slimy rune of Zot
 51703 | Slime:5  | Identified the +9 halberd "Xieth" {chop, Str+3 Dex+2}
 51752 | Slime:5  | Identified the ring of Askon {rPois Dex-3 Slay+5 SInv}
 52239 | Depths:1 | Entered Level 1 of the Depths
 52364 | Depths:1 | Identified the +5 short sword "Baur Fehiviz" {protect,
                  | Int+2 Dex+4 Stlth+} (Okawaru gifted it to you on level 1 of
                  | the Depths)
 52364 | Depths:1 | Received a gift from Okawaru
 52384 | Depths:1 | Reached XP level 25. HP: 195/195 MP: 25/37
 52391 | Depths:1 | Reached skill level 5 in Poison Magic
 52575 | Depths:1 | Found Useaxuid's Armour Boutique.
 52578 | Depths:1 | Found Pante Hutif's Food Boutique.
 52578 | Depths:1 | Found Cucsamew's Jewellery Shop.
 52593 | Depths:1 | Found Ykufeass's Antique Armour Shop.
 52607 | Depths:1 | Identified a scroll of acquirement
 52608 | Depths:1 | Identified the +1 hunting sling of Agony {freeze, rN+
                  | Int+4} (You acquired it on level 1 of the Depths)
 52608 | Depths:1 | Identified the ring of the Trilobite {rPois rN+ Str+2
                  | Stlth+} (You acquired it on level 1 of the Depths)
 52608 | Depths:1 | Identified the Grimoire of Glacial Intoxication (You
                  | acquired it on level 1 of the Depths)
 52614 | Depths:1 | Bought a runed cloak for 285 gold pieces
 53084 | Depths:1 | Found a gateway to Hell.
 53455 | Depths:2 | Received a gift from Okawaru
 53863 | Depths:2 | Received a gift from Okawaru
 54250 | Depths:2 | Received a gift from Okawaru
 54251 | Depths:2 | Reached skill level 10 in Transmutations
 55346 | Depths:3 | Reached skill level 10 in Poison Magic
 55383 | Depths:3 | Found a one-way gate leading to the halls of Pandemonium.
 55405 | Depths:3 | Received a gift from Okawaru
 55691 | Depths:3 | Received a gift from Okawaru
 55711 | Depths:3 | Reached XP level 26. HP: 202/202 MP: 6/37
 55784 | Depths:3 | Identified the cursed +2 quarterstaff of Izyocsamu {flame,
                  | MP+9 Int+5}
 55809 | Depths:3 | Noticed a juggernaut
 55817 | Depths:3 | Received a gift from Okawaru
 55828 | Depths:3 | Killed a juggernaut
 56050 | Depths:3 | Identified the +8 shortbow of Wepiorch {elec, rPois Str+3}
 56051 | Depths:3 | Identified the cursed +0 pair of boots "Jeus" {Slay+3
                  | Stlth+}
 56237 | Depths:3 | Received a gift from Okawaru
 56887 | Depths:3 | Found a snail-covered altar of Cheibriados.
 57101 | Depths:4 | Noticed a juggernaut
 57114 | Depths:4 | Killed a juggernaut
 57468 | Depths:4 | Noticed a juggernaut
 57479 | Depths:4 | Killed a juggernaut
 57489 | Depths:4 | Noticed a golden dragon
 57499 | Depths:4 | Killed a golden dragon
 57499 | Depths:4 | Received a gift from Okawaru
 57504 | Depths:4 | Noticed a Killer Klown
 57514 | Depths:4 | Killed a Killer Klown
 58004 | Depths:4 | Received a gift from Okawaru
 58005 | Depths:4 | Reached XP level 27. HP: 201/211 MP: 39/39
 58008 | Depths:4 | Identified the ring of Devotion {rElec rC+ Str+2 Int-4
                  | Dex+5}
 58218 | Depths:4 | Reached skill level 17 in Fighting
 58400 | Depths:4 | Found a gateway to a ziggurat.
 58541 | Depths:5 | Entered Level 5 of the Depths
 58841 | Depths:5 | Noticed a juggernaut
 58863 | Depths:5 | Killed a juggernaut
 58875 | Depths:5 | Received a gift from Okawaru
 59642 | Depths:5 | Found a gate to the Realm of Zot.
 60386 | Zot:1    | Entered Level 1 of the Realm of Zot
 60411 | Zot:1    | Learned a level 6 spell: Darkness
 60524 | Zot:1    | Received a gift from Okawaru
 60576 | Zot:1    | Received a gift from Okawaru
 60577 | Zot:1    | Found the -2 hat of the Alchemist {rElec rPois rF+ rC+ rN+
                  | MR+ rMut rCorr}
 60791 | Zot:1    | Noticed a Killer Klown
 60798 | Zot:1    | Killed a Killer Klown
 60799 | Zot:1    | Reached skill level 18 in Fighting
 61495 | Zot:1    | Reached skill level 19 in Fighting
 61496 | Zot:1    | Noticed an orb of fire
 61499 | Zot:1    | Gained mutation: Scrolls take you a little longer to read.
                  | [an orb of fire]
 61518 | Zot:1    | Killed an orb of fire
 62209 | Zot:2    | Noticed a golden dragon
 62217 | Zot:2    | Killed a golden dragon
 62217 | Zot:2    | Received a gift from Okawaru
 62218 | Zot:2    | Reached skill level 20 in Fighting
 62422 | Zot:2    | Noticed a Killer Klown
 62509 | Zot:2    | Noticed a golden dragon
 62519 | Zot:2    | Killed a golden dragon
 62744 | Zot:2    | Killed a Killer Klown
 62957 | Zot:2    | Reached skill level 21 in Fighting
 62970 | Zot:2    | Identified the +0 pair of boots of Ciur {rN+ MR++ MP+9
                  | Dex-4} (Okawaru gifted it to you on level 2 of the Realm of
                  | Zot)
 62970 | Zot:2    | Received a gift from Okawaru
 63999 | Zot:3    | Found a runed translucent door.
 63999 | Zot:3    | Noticed Baqiw's ghost (master MiAc)
 64403 | Zot:3    | Reached skill level 22 in Fighting
 64832 | Zot:3    | Lost mutation: Scrolls take you a little longer to read.
                  | [potion of mutation]
 64832 | Zot:3    | Gained mutation: Your mind is acute. (Int +2) [potion of
                  | mutation]
 65219 | Zot:4    | Received a gift from Okawaru
 65526 | Zot:4    | Identified the Handbook of Twisted Flight
 65549 | Zot:4    | Learned a level 7 spell: Malign Gateway
 65573 | Zot:4    | Reached skill level 1 in Summonings
 65630 | Zot:4    | Noticed a golden dragon
 65648 | Zot:4    | Killed a golden dragon
 66140 | Zot:5    | Entered Level 5 of the Realm of Zot
 66516 | Zot:5    | Noticed an orb of fire
 66518 | Zot:5    | Noticed an orb of fire
 66537 | Zot:5    | Killed an orb of fire
 66538 | Zot:5    | Reached skill level 5 in Summonings
 66549 | Zot:5    | Gained mutation: Your flesh is cold resistant. (rC+) [an
                  | orb of fire]
 66551 | Zot:5    | Killed an orb of fire
 66784 | Zot:5    | Noticed a Killer Klown
 66788 | Zot:5    | Noticed an orb of fire
 66850 | Zot:5    | Noticed an orb of fire
 66852 | Zot:5    | Gained mutation: You are clumsy. (Dex -2) [an orb of fire]
 66862 | Zot:5    | Killed an orb of fire
 66924 | Zot:5    | Reached skill level 10 in Summonings
 66956 | Zot:5    | Noticed an orb of fire
 66956 | Zot:5    | Noticed a Killer Klown
 66964 | Zot:5    | Noticed an orb of fire
 66971 | Zot:5    | Killed an orb of fire
 66971 | Zot:5    | Received a gift from Okawaru
 67663 | Orc      | Bought a potion of resistance for 140 gold pieces
 67663 | Orc      | Bought a potion of haste for 140 gold pieces
 67663 | Orc      | Bought a potion of heal wounds for 70 gold pieces
 68653 | Zot:5    | Received a gift from Okawaru
 68672 | Zot:5    | Killed an orb of fire
 68678 | Zot:5    | Killed a Killer Klown
 68678 | Zot:5    | Identified the +3 flail of Fimbulwinter {crush, rC+ Dex+4
                  | Stlth+} (Okawaru gifted it to you on level 5 of the Realm
                  | of Zot)
 68678 | Zot:5    | Received a gift from Okawaru
 68679 | Zot:5    | Reached skill level 10 in Translocations
 68885 | Zot:5    | Noticed an ancient lich
 68889 | Zot:5    | Noticed an orb of fire
 68890 | Zot:5    | Noticed a golden dragon
 69122 | Zot:5    | Killed an ancient lich
 69467 | Zot:5    | Noticed an orb of fire
 69467 | Zot:5    | Noticed a golden dragon
 69545 | Zot:5    | Lost mutation: Your mind is acute. (Int +2) [an orb of
                  | fire]
 69548 | Zot:5    | Cast into level 2 of the Abyss (miscasting Malign Gateway)
 69568 | Abyss:2  | Found a hide-covered altar of Uskayaw.
 69872 | Abyss:2  | Received a gift from Okawaru
 70491 | Zot:5    | Escaped the Abyss
 70506 | Zot:5    | Killed an orb of fire
 70555 | Zot:5    | Killed a golden dragon
 70555 | Zot:5    | Received a gift from Okawaru
 70563 | Zot:5    | Noticed an ancient lich
 70622 | Zot:5    | Killed an orb of fire
 70642 | Zot:5    | Noticed a Killer Klown
 70659 | Zot:5    | Killed a Killer Klown
 70688 | Zot:5    | Gained mutation: Your magical capacity is low. (-10% MP)
                  | [an orb of fire]
 70690 | Zot:5    | Gained mutation: You occasionally shout uncontrollably at
                  | your foes. [an orb of fire]
 70691 | Zot:5    | Killed an orb of fire
 70700 | Zot:5    | Noticed an orb of fire
 70801 | Zot:4    | Lost mutation: You are clumsy. (Dex -2) [potion of
                  | mutation]
 70801 | Zot:4    | Lost mutation: Your flesh is cold resistant. (rC+) [potion
                  | of mutation]
 70801 | Zot:4    | Lost mutation: You occasionally shout uncontrollably at
                  | your foes. [potion of mutation]
 70801 | Zot:4    | Gained mutation: You are robust. (+10% HP) [potion of
                  | mutation]
 70947 | Zot:5    | Killed an orb of fire
 71078 | Zot:5    | Noticed a Killer Klown
 71079 | Zot:5    | Noticed an ancient lich
 71100 | Zot:5    | Killed a Killer Klown
 71102 | Zot:5    | Killed an ancient lich
 71187 | Zot:5    | Killed a Killer Klown
 71187 | Zot:5    | Received a gift from Okawaru
 71268 | Zot:5    | Noticed an ancient lich
 71278 | Zot:5    | Killed an ancient lich
 71298 | Zot:5    | Identified the +1 pair of gloves "Sitayneo" {MR+ Int+3
                  | SInv} (Okawaru gifted it to you on level 5 of the Realm of
                  | Zot)
 71298 | Zot:5    | Received a gift from Okawaru
 71454 | Zot:5    | Reached skill level 15 in Summonings
 71454 | Zot:5    | Reached skill level 15 in Transmutations
 71624 | Zot:5    | Killed an ancient lich
 71633 | Zot:5    | Killed a golden dragon
 71840 | Zot:5    | Got the Orb of Zot
 71867 | Zot:5    | Noticed a golden dragon
 71916 | Zot:2    | Noticed Iseuhud the pandemonium lord
 71934 | Zot:2    | Killed Iseuhud the pandemonium lord
 72362 | D:11     | Noticed Oraushot the pandemonium lord
 72366 | D:10     | Noticed a seraph
 72410 | D:9      | Noticed Durr the pandemonium lord
 72566 | D:$      | Escaped with the Orb!

Skill      XL: |  1  2  3  4  5  6  7  8  9 10 11 12 13 14 15 16 17 18 19 20 21 22 23 24 25 26 27 |
---------------+----------------------------------------------------------------------------------+-----
Stealth        | 1 2 5 |  5.0
Hexes          | 2 5 6 8 10 11 12 | 12.0
Slings         | 1 4 5 9 11 14 15 16 17 19 | 19.7
Armour         | 2 3 5 9 10 | 10.0
Maces & Flails | 3 9 12 | 12.0
Spellcasting   | 2 5 7 10 12 | 12.0
Fighting       | 4 5 7 9 10 11 12 13 15 16 22 | 22.0
Dodging        | 2 3 5 9 10 11 14 15 | 15.0
Evocations     | 2 5 7 8 10 12 14 15 | 15.0
Translocations | 5 7 14 | 14.4
Invocations    | 5 7 8 10 | 10.0
Fire Magic     | 4 5 6 7 |  7.0
Air Magic      | 6 10 11 12 13 | 13.0
Charms         | 6 10 11 12 | 12.0
Throwing       | 3 5 |  5.6
Transmutations | 5 7 11 12 15 | 15.0
Shields        | 7 10 11 12 | 12.0
Poison Magic   | 4 11 12 13 | 13.0
Summonings     | 16 | 16.2

Action                   |  1- 3 |  4- 6 |  7- 9 | 10-12 | 13-15 | 16-18 | 19-21 | 22-24 | 25-27 || total
-------------------------+-------+-------+-------+-------+-------+-------+-------+-------+-------++-------
Melee: Mace              |    79 |   116 |   179 |       |       |       |       |       |       ||   374
       Hunting sling     |       |       |     1 |     2 |       |       |       |       |       ||     3
       Morningstar       |       |       |       |    97 |   517 |   491 |       |       |       ||  1105
       Punch             |       |       |       |     1 |     2 |     5 |       |       |       ||     8
       Flail             |       |       |       |       |    13 |       |       |       |       ||    13
       Demon whip        |       |       |       |       |       |       |    90 |    71 |       ||   161
       Fustibalus        |       |       |       |       |       |       |     1 |       |       ||     1
 Fire: Hunting sling     |     4 |    53 |   301 |   762 |   196 |       |       |       |       ||  1316
       Fustibalus        |       |       |       |       |   347 |   501 |  1233 |  1702 |  2519 ||  6302
Throw: Tomahawk          |       |       |       |    10 |   137 |       |    29 |       |       ||   176
       Javelin           |       |       |       |       |    59 |   282 |       |     4 |       ||   345
 Cast: Corona            |    28 |    29 |    55 |    27 |    11 |     6 |     2 |     1 |       ||   159
       Shackle           |       |       |       |    66 |    74 |    19 |     4 |     1 |     6 ||   170
       Inner Flame       |       |       |       |    10 |    23 |    15 |    18 |    12 |    16 ||    94
       Blink             |       |       |       |    12 |    58 |    12 |     3 |     3 |    28 ||   116
       Song of Slaying   |       |       |       |       |       |     9 |     1 |    15 |     4 ||    29
       Regeneration      |       |       |       |       |       |     5 |     3 |     2 |     6 ||    16
       Deflect Missiles  |       |       |       |       |       |     1 |       |       |     1 ||     2
       Yara's Violent Un |       |       |       |       |       |     5 |       |     3 |     1 ||     9
       Silence           |       |       |       |       |       |     1 |     2 |    12 |     6 ||    21
       Portal Projectile |       |       |       |       |       |       |       |    65 |   181 ||   246
       Infestation       |       |       |       |       |       |       |       |       |    85 ||    85
       Malign Gateway    |       |       |       |       |       |       |       |       |    10 ||    10
       Darkness          |       |       |       |       |       |       |       |       |     9 ||     9
Invok: Heroism           |       |       |       |     8 |    19 |    31 |    21 |    16 |    32 ||   127
       Finesse           |       |       |       |       |     3 |    12 |     4 |     6 |    13 ||    38
 Abil: Stop Flying       |       |       |       |       |     1 |       |       |       |       ||     1
Evoke: Wand              |       |       |     4 |    24 |    15 |    30 |    14 |     5 |    19 ||   111
       Lamp of fire      |       |       |       |     1 |     5 |     3 |     6 |     5 |     5 ||    25
       Lightning rod     |       |       |       |       |       |     8 |    14 |     9 |    10 ||    41
       Sack of spiders   |       |       |       |       |       |       |       |     2 |    13 ||    15
       Phantom mirror    |       |       |       |       |       |       |       |     1 |     1 ||     2
       Box of beasts     |       |       |       |       |       |       |       |       |     7 ||     7
       Fan of gales      |       |       |       |       |       |       |       |       |     3 ||     3
       Phial of floods   |       |       |       |       |       |       |       |       |     7 ||     7
  Use: Scroll            |       |     9 |     3 |    12 |    17 |    10 |     2 |    12 |    18 ||    83
       Potion            |       |     1 |     2 |     4 |     2 |     1 |     3 |       |    31 ||    44
 Stab: Sleeping          |     1 |       |       |       |     1 |     2 |       |       |       ||     4
       Petrified         |       |       |       |     6 |       |       |       |       |       ||     6
       Distracted        |       |       |       |       |     2 |       |       |       |       ||     2
       Paralysed         |       |       |       |       |     1 |       |       |       |       ||     1
       Petrifying        |       |       |       |       |     1 |       |       |       |       ||     1
       Invisible         |       |       |       |       |       |     1 |       |       |       ||     1
  Eat: Chunk             |     4 |    14 |    13 |    22 |    43 |    24 |    35 |    17 |    52 ||   224
       Ration            |       |       |     5 |     6 |     6 |    10 |     3 |    16 |    28 ||    74
Armor: Robe              |    16 |    15 |       |       |       |       |       |       |       ||    31
       Leather armour    |       |    11 |    83 |    51 |    94 |       |       |       |       ||   239
       Skin              |       |       |       |   124 |   118 |       |       |       |    46 ||   288
       Ring mail         |       |       |       |       |   172 |   168 |   105 |    13 |       ||   458
       Acid dragon scale |       |       |       |       |       |       |       |   113 |   335 ||   448
Dodge: Dodged            |    55 |    86 |   192 |   241 |   694 |   646 |   371 |   536 |   762 ||  3583
       Deflected         |       |       |       |       |       |    61 |    50 |    54 |   112 ||   277
Block: Other             |       |       |       |       |       |     2 |       |       |       ||     2
       Buckler           |       |       |       |       |       |       |    98 |   245 |   386 ||   729
       Reflection        |       |       |       |       |       |       |       |       |     2 ||     2
